Map: Para Site LE

Players

MaNuX

  • Race: Terran Terran
  • League: Gold
  • Spawn Location: 5:00

belhieg - Winner!

  • Race: Zerg Zerg
  • League: Silver
  • Spawn Location: 11:00

VOD

Have the link to the VOD?

Description

Time

  • Played on: Nov. 18, 2018, 12:57 a.m.
  • Length: 8:49
Show
View Real Time Build Order
Export as new Build Order

MaNuX Terran 

Build Orders:  

Get SALT Encoding   

  12  0:01  SCV  
  13  0:13  SCV  
  14  0:17  Supply Depot  
  14  0:25  SCV  
  15  0:30  Refinery  
  15  0:39  SCV  
  16  0:47  Barracks  
  16  0:52  SCV  
  17  1:04  SCV  
  18  1:16  SCV  
  19  1:35  Command Center  
  19  1:37  Marine  
  20  1:43  Supply Depot  
  20  1:47  SCV  
  21  1:59  Barracks Reactor  
  21  2:07  Factory  
  21  2:27  Orbital Command  
  21  2:39  Marine x2  
  23  2:49  Refinery  
  23  2:52  Barracks  
  23  2:54  Factory Tech Lab  
  23  3:01  Starport  
  23  3:11  SCV x2  
  23  3:12  Bunker  
  25  3:21  Siege Tank  
  25  3:25  Marine  
  29  3:36  Engineering Bay  
  29  3:43  Barracks Tech Lab  
  29  3:51  Starport Reactor  
  29  4:12  SCV x2  
  29  4:16  Marine x2  
  33  4:22  Stimpack  
  33  4:24  SCV  
  33  4:25  Terran Infantry Weapons Level 1  
  34  4:33  Marine  
  34  4:36  Supply Depot  
  35  4:40  SCV x2  
  37  4:49  Widow Mine  
  39  4:53  Medivac  
  41  5:14  Missile Turret  
  41  5:34  Missile Turret  
  41  5:37  SCV x2  
  41  5:40  Marine x3  
  46  5:47  Medivac  
  46  5:48  Medivac  
  50  5:57  Marine  
  50  5:58  Marine x2  
  53  6:08  Orbital Command  
  53  6:13  Refinery  
  53  6:15  Missile Turret, Marine  
  53  6:17  Missile Turret  
  54  6:27  Combat Shield  
  54  6:33  Marine x2  
  54  6:35  Terran Infantry Armor Level 1  
  54  6:37  SCV x2  
  58  6:40  Siege Tank  
  61  6:49  SCV  
  61  6:52  Refinery  
  61  6:53  SCV  
  63  7:01  SCV  
  63  7:05  SCV  
  65  7:12  Widow Mine  
  65  7:13  SCV  
  68  7:16  Marine x2  
  70  7:25  Supply Depot  
  70  7:34  Marine x3  
  70  7:35  Widow Mine  
  75  7:47  Supply Depot  
  75  7:52  Marine x3  
  75  8:10  Marine x3  
  61  8:28  Marine  
Show
View Real Time Build Order
Export as new Build Order

belhieg Zerg - Winner!

Build Orders: Hatch First 

Get SALT Encoding   

  12  0:01  Drone  
  13  0:13  Overlord  
  13  0:17  Drone  
  14  0:31  Drone x2  
  16  0:51  Hatchery  
  16  0:52  Drone  
  16  0:56  Drone  
  17  1:11  Extractor  
  17  1:17  Drone, Spawning Pool  
  16  1:20  Drone  
  16  1:23  Drone  
  18  1:34  Drone  
  19  1:44  Drone  
  20  1:50  Drone  
  21  2:03  Overlord  
  21  2:06  Queen x2  
  25  2:10  Overlord  
  25  2:12  Drone  
  25  2:14  Drone  
  28  2:22  Drone  
  28  2:25  Drone  
  29  2:33  Drone  
  29  2:35  Drone  
  31  2:49  Drone x2  
  33  2:54  Drone  
  33  2:57  Drone  
  35  3:03  Hatchery  
  35  3:05  Drone  
  35  3:07  Drone  
  36  3:15  Drone x3  
  36  3:17  Overlord  
  36  3:18  Overlord  
  36  3:19  Drone  
  40  3:25  Drone  
  41  3:33  Drone x2, Roach Warren  
  42  3:40  Drone  
  43  3:42  Drone  
  43  3:47  Hatchery  
  43  3:53  Drone x4  
  43  3:54  Drone  
  48  3:56  Extractor  
  48  3:58  Drone, Extractor  
  48  3:59  Drone x2  
  49  4:04  Drone, Queen  
  49  4:07  Queen  
  49  4:09  Drone  
  55  4:14  Queen  
  57  4:17  Overlord  
  57  4:26  Drone x3  
  57  4:27  Drone x3  
  63  4:32  Drone x3  
  63  4:34  Overlord  
  63  4:36  Drone  
  67  4:44  Drone  
  67  4:45  Drone  
  69  4:51  Drone x2  
  71  5:04  Roach  
  71  5:05  Roach x3  
  71  5:06  Overlord  
  79  5:12  Extractor  
  78  5:19  Drone x3  
  78  5:20  Drone x2  
  83  5:23  Roach x2  
  83  5:26  Roach  
  89  5:36  Roach  
  89  5:37  Roach x2  
  89  5:40  Overlord  
  89  5:41  Overlord x3  
  95  6:06  Overlord x3  
  95  6:07  Overlord x5  
  95  6:09  Roach  
  95  6:10  Roach x11  
  119  6:12  Roach  
  121  6:26  Roach  
  121  6:27  Roach x5  
  121  6:29  Overlord x2  
  121  6:30  Overlord  
  133  6:33  Roach  
  133  6:35  Roach  
  133  6:36  Roach x5  
  133  6:37  Lair  
  147  6:45  Roach  
  147  6:46  Roach x3  
  155  6:48  Roach  
  155  6:49  Roach  
  155  6:50  Roach  
  155  6:52  Roach x2  
  155  6:53  Roach  
  155  6:54  Roach  
  169  6:56  Roach  
  169  6:59  Roach  
  169  7:00  Roach x2  
  169  7:01  Roach  
  179  7:02  Roach x2  
  179  7:04  Roach  
  179  7:05  Roach x4  
  179  7:06  Roach  
  195  7:10  Lair  
  195  7:12  Roach x2  
Tags
 
Matchup
TvZ
Spawn Locations
Cross Positions
Add a new tag
Caveats
  • Supply blocks, unpowered buildings, or Contaminate may cause inaccurate times.
  • Supply counts are checked every 10 seconds.